 Dungeon Crawl Stone Soup version 0.27-a0-1219-g958d993ae5 (webtiles) character file.

Game seed: 10693159109482039997

30 polve the Cutter (level 3, -7/29 HPs)
             Began as a Demonspawn Abyssal Knight on June 6, 2021.
             Was a Follower of Lugonu.
             Killed by divine providence
             ... invoked by an orc priest
              (13 damage)
             ... on level 3 of the Dungeon.
             The game lasted 00:00:46 (974 turns).

polve the Cutter (Demonspawn Abyssal Knight)         Turns: 974, Time: 00:00:46

Health: -7/29      AC:  3    Str: 13    XL:     3   Next: 5%
Magic:  4/4        EV: 11    Int: 13    God:    Lugonu [*.....]
Gold:   79         SH:  0    Dex: 12    Spells: 2/2 levels left

rFire    . . .     SeeInvis .   a - +1 short sword
rCold    . . .     Faith    .   (no shield)
rNeg     . . .     Spirit   .   b - +0 leather armour
rPois    .         Reflect  .   (no helmet)
rElec    .         Harm     .   (no cloak)
rCorr    .         Rampage  .   (no gloves)
Will     .....                  (no boots)
Stlth    +.........             (no amulet)
HPRegen  0.09/turn              (no ring)
MPRegen  0.18/turn              (no ring)

@: no status effects
A: magic regeneration
a: Renounce Religion, Depart the Abyss


You were on level 3 of the Dungeon.
You worshipped Lugonu.
Lugonu was aware of your devotion.
You visited 1 branch of the dungeon, and saw 3 of its levels.
You visited the Abyss 1 time.

You collected 79 gold pieces.

Inventory:

Hand Weapons
 a - a +1 short sword (weapon)
Armour
 b - a +0 leather armour (worn)
Jewellery
 g - an amulet of the acrobat
Scrolls
 c - a scroll of amnesia {unknown}
 d - a scroll of fear {unknown}
 e - a scroll of summoning {unknown}
 f - a scroll of noise {unknown}


   Skills:
 - Level 3.0 Fighting
 + Level 3.2 Short Blades
 - Level 1.7 Armour
 - Level 0.8 Dodging
 - Level 2.4 Invocations


You had 2 spell levels left.
You didn't know any spells.
Your spell library was empty.

Dungeon Overview and Level Annotations

Branches:
Dungeon (2/15)

Altars:

Shops:
D:1 ?((?


Innate Abilities, Weirdness & Mutations

You regenerate magic rapidly.


Message History

You puncture the orc!
You kill the orc!
Lugonu accepts your kill.
You closely miss the orc. The orc closely misses you.
You hit the orc.
The orc is moderately wounded.
The orc hits you with a +0 falchion.
You hit the orc.
The orc is almost dead.
The orc barely misses you.
You hit the orc but do no damage.
The orc is almost dead.
The orc barely misses you.
You hit the orc.
You kill the orc!
Lugonu accepts your kill.
The orc priest invokes the aid of Beogh against you.
Beogh smites you!
* * * LOW HITPOINT WARNING * * *
You have reached level 3!
Your experience leads to an increase in your attributes!
Increase (S)trength, (I)ntelligence, or (D)exterity?
You feel stronger.
You closely miss the orc. The orc barely misses you.
You hit the orc.
The orc is severely wounded.
The orc barely misses you.
You completely miss the orc.
The orc is severely wounded.
The orc hits you but does no damage.
You hit the orc but do no damage.
The orc is severely wounded.
The orc barely misses you.
You hit the orc.
You kill the orc!
Lugonu accepts your kill.
You completely miss the orc priest.
The orc priest mumbles some strange prayers to Beogh against you.
Beogh smites you!
You die...

## # .#.#
#######.#.###
...........#
#.........# #
#..†.......
#.###.........#
#..@ow†....>..#
#####.........#
.)..........#
##############


You could see an orc priest and a dart slug.

Vanquished Creatures
  3 orcs (D:3)
  An endoplasm (D:1)
  2 giant cockroaches
  2 hobgoblins (D:1)
  6 jackals (D:1)
  2 kobolds (D:1)
  A quokka (D:1)
  2 ball pythons
  2 bats (D:1)
  2 rats (D:1)
23 creatures vanquished.

Notes
Turn   | Place    | Note
-------+----------+-------------------------------------------
     0 | Abyss:1  | polve the Demonspawn Abyssal Knight began the quest for the
                  | Orb.
     0 | Abyss:1  | Reached XP level 1. HP: 18/18 MP: 2/2
    30 | Abyss:1  | Noticed a rakshasa
    42 | Abyss:1  | Noticed a worldbinder
    45 | Abyss:1  | Noticed a naga
    45 | Abyss:1  | Noticed a black mamba
    45 | Abyss:1  | Noticed a mana viper
    46 | Abyss:1  | Noticed a naga
    46 | Abyss:1  | Noticed a naga
    46 | Abyss:1  | Noticed a naga
    47 | D:1      | Escaped the Abyss
   186 | D:1      | Gained mutation: You regenerate magic rapidly. [demonic
                  | ancestry]
   186 | D:1      | Reached XP level 2. HP: 22/24 MP: 3/3
   401 | D:1      | Found Alewk's Antique Weapon Emporium.
   627 | D:1      | Found Kingewk's Magic Scroll Emporium.
   725 | D:1      | Reached * piety under Lugonu
   761 | D:1      | Found Nogra's Antique Weapon Shoppe.
   807 | D:1      | Found Diavol's Magic Scroll Shoppe.
   950 | D:2      | You fall into a shaft and drop 1 floor!
   969 | D:3      | Reached XP level 3. HP: 6/29 MP: 4/4
   974 | D:3      | Killed from afar by an orc priest

Illustrated notes

Levels and vault maps discovered:
D:1:      ebering_trefoil_3fold, layout_basic, serial_shops, shop, shop_scrolls,
          shop, shop
D:2:      layout_basic, ebering_ecumenical_altar_rust
D:3:      gammafunk_steamed_eel, layout_basic, serial_shops, nicolae_shop_stone

Skill      XL: |  1  2 |
---------------+-------+-----
Short Blades   | 2 3 |  3.2
Fighting       | |  3.0
Armour         | |  1.7
Dodging        | |  0.8
Invocations    | |  2.4

Action                   || total
-------------------------++-------
Melee: Short sword       ||    67
Invok: Depart the Abyss  ||     1
Armor: Leather armour    ||    13
Dodge: Dodged            ||    48

Table legend: (Time is in decaauts)
 A = Elapsed time spent in this place.
 B = Non-inter-level travel time spent in this place.
 C = Inter-level travel time spent in this place.
 D = Time resting spent in this place.
 E = Time spent auto-exploring this place.
 F = Levels seen in this place.
 G = Mean time per level.
                   A        B        C        D        E       F      G
               +--------+--------+--------+--------+--------+-----+--------+
         Total |    970 |    957 |     13 |      0 |    807 |   4 |  242.5 |
       Dungeon |    923 |    910 |     13 |      0 |    773 |   3 |  307.7 |
         Abyss |     47 |     47 |      0 |      0 |     34 |   1 |   47.0 |
               +--------+--------+--------+--------+--------+-----+--------+

Top non-repeatable levels by time:
     D:1: 893 daAuts
 Abyss:1: 47 daAuts
     D:3: 22 daAuts
     D:2: 7 daAuts
